BSA
KANSAS CITY KINGS @ IRVINE GANG GREEN
06/14/2028
 
TOP OF THE 1ST
Kansas City Kings batting - Pitching for Irvine Gang Green : RHP Jung Chwa
Pitching: RHP Jung Chwa
Batting: RHB Chris Chandler 0-0: Ball
1-0: Called Strike
1-1: Ground out 6-3 (Groundball, 6)
Batting: LHB Stan Hickman 0-0: Called Strike
0-1: Called Strike
0-2: Foul Ball, location: 2F
0-2: Ball
1-2: Foul Ball, location: 2F
1-2: Ball
2-2: Ball
3-2: Ground out 3-1 (Groundball, 3S)
Batting: LHB Ron Crawford 0-0: Ball
1-0: Foul Ball, location: 2F
1-1: Foul Ball, location: 2F
1-2: Ball
2-2: Ball
3-2: Foul Ball, location: 2F
3-2: Fly out, F8 (Line Drive, 8LD)
Top of the 1st over - 0 run(s), 0 hit(s), 0 error(s), 0 left on base; Kansas City 0 - Irvine 0
BOTTOM OF THE 1ST
Irvine Gang Green batting - Pitching for Kansas City Kings : RHP Ron Young
Pitching: RHP Ron Young
Batting: RHB Tom Doherty 0-0: Ball
1-0: Fly out, F8 (Flyball, 8LS)
Batting: RHB José Salazar 0-0: Swinging Strike
0-1: Foul Ball, location: 2F
0-2: DOUBLE (Line Drive, 89D)
Batting: LHB Jorge Martínez 0-0: Called Strike
0-1: Ball
1-1: Ball
2-1: Ball
3-1: Foul Ball, location: 2F
3-2: Base on Balls
Batting: LHB Víctor Quiñones 0-0: Fly out, F4 (Line Drive, 4)
Batting: RHB Buck Jones 0-0: Foul Ball, location: 2F
0-1: Swinging Strike
0-2: Foul Ball, location: 2F
0-2: Ball
1-2: Foul Ball, location: 2F
1-2: Ground out U3 (Groundball, 3)
Bottom of the 1st over - 0 run(s), 1 hit(s), 0 error(s), 2 left on base; Kansas City 0 - Irvine 0
TOP OF THE 2ND
Kansas City Kings batting - Pitching for Irvine Gang Green : RHP Jung Chwa
Batting: RHB Toshimichi Kono 0-0: Fly out, F8 (Flyball, 89M)
Batting: SHB Douglas Taylor 0-0: Ball
1-0: Ball
2-0: Ball
3-0: Called Strike
3-1: Base on Balls
Batting: RHB Dave Parker 0-0: Called Strike
0-1: Ball
1-1: Fly out, F8 (Flyball, 78D)
Batting: LHB Luis González 0-0: Ball
1-0: Ground out 4-3 (Groundball, 34)
Top of the 2nd over - 0 run(s), 0 hit(s), 0 error(s), 1 left on base; Kansas City 0 - Irvine 0
BOTTOM OF THE 2ND
Irvine Gang Green batting - Pitching for Kansas City Kings : RHP Ron Young
Batting: LHB José Sánchez 0-0: Foul Ball, location: 2F
0-1: Ball
1-1: Ball
2-1: DOUBLE (Line Drive, 78XD)
Batting: RHB Eichiro Yamamoto 0-0: Called Strike
0-1: Ball
1-1: Foul Ball, location: 2F
1-2: Strikes out looking
Batting: LHB Tom Baker 0-0: Called Strike
0-1: Foul Ball, location: 2F
0-2: DOUBLE (Line Drive, 8LD)
José Sánchez scores
Batting: RHB Aaron Wilson 0-0: Ball
1-0: Fly out, F6 (Line Drive, 6)
Lined into DP, 6-4 (Line Drive, 6)
Bottom of the 2nd over - 1 run(s), 2 hit(s), 0 error(s), 0 left on base; Kansas City 0 - Irvine 1
TOP OF THE 3RD
Kansas City Kings batting - Pitching for Irvine Gang Green : RHP Jung Chwa
Batting: SHB António De La Cruz 0-0: Ball
1-0: Ball
2-0: Fly out, F9 (Flyball, 9D)
Batting: RHB Oliver Lugo 0-0: Bunted foul
0-1: Ball
1-1: Ground out 5-3 (Groundball, 56S)
Batting: RHB Chris Chandler 0-0: Called Strike
0-1: Foul Ball, location: 2F
0-2: DOUBLE (Line Drive, 78XD)
Batting: LHB Stan Hickman 0-0: Foul Ball, location: 2F
0-1: Fly out, F8 (Flyball, 8RS)
Top of the 3rd over - 0 run(s), 1 hit(s), 0 error(s), 1 left on base; Kansas City 0 - Irvine 1
BOTTOM OF THE 3RD
Irvine Gang Green batting - Pitching for Kansas City Kings : RHP Ron Young
Batting: RHB Tom Doherty 0-0: Foul Ball, location: 2F
0-1: Swinging Strike
0-2: Foul Ball, location: 2F
0-2: Strikes out swinging
Batting: RHB José Salazar 0-0: Fly out, F8 (Flyball, 78D)
Batting: LHB Jorge Martínez 0-0: Foul Ball, location: 2F
0-1: Called Strike
0-2: Foul Ball, location: 2F
0-2: Ball
1-2: Ball
2-2: Ball
3-2: Foul Ball, location: 2F
3-2: Ground out U3 (Groundball, 34)
Bottom of the 3rd over - 0 run(s), 0 hit(s), 0 error(s), 0 left on base; Kansas City 0 - Irvine 1
TOP OF THE 4TH
Kansas City Kings batting - Pitching for Irvine Gang Green : RHP Jung Chwa
Batting: LHB Ron Crawford 0-0: Called Strike
0-1: Ball
1-1: Ball
2-1: Foul Ball, location: 2F
2-2: Ball
3-2: Base on Balls
Batting: RHB Toshimichi Kono 0-0: Foul Ball, location: 2F
0-1: Ball
1-1: Ball
2-1: Fly out, F8 (Flyball, 8LXD)
Batting: SHB Douglas Taylor 0-0: Ball
Balk!
Ron Crawford to second
1-0: Ball
2-0: Ball
3-0: Foul Ball, location: 2F
3-1: Fly out, F8 (Flyball, 8RS)
Batting: RHB Dave Parker 0-0: Called Strike
0-1: Ball
Wild Pitch!
Ron Crawford to third
1-1: Swinging Strike
1-2: Strikes out swinging
Top of the 4th over - 0 run(s), 0 hit(s), 0 error(s), 1 left on base; Kansas City 0 - Irvine 1
BOTTOM OF THE 4TH
Irvine Gang Green batting - Pitching for Kansas City Kings : RHP Ron Young
Batting: LHB Víctor Quiñones 0-0: Called Strike
0-1: Ball
1-1: SOLO HOME RUN (Flyball, 9D), Distance : 411 ft
Batting: RHB Buck Jones 0-0: Ball
1-0: Ball
2-0: Called Strike
2-1: Ball
3-1: Swinging Strike
3-2: TRIPLE (Flyball, 8LXD)
Batting: LHB José Sánchez 0-0: Called Strike
0-1: Swinging Strike
0-2: Ball
1-2: Ball
2-2: Foul Ball, location: 2F
2-2: Fly out, F9 (Flyball, 9S)
Batting: RHB Eichiro Yamamoto 0-0: Ball
1-0: Ball
2-0: Foul Ball, location: 2F
2-1: Foul Ball, location: 2F
2-2: Foul Ball, location: 2F
2-2: Foul Ball, location: 2F
2-2: Ball
3-2: SINGLE (Line Drive, 6MD)
Buck Jones scores
Batting: LHB Tom Baker 0-0: Called Strike
0-1: Ball
1-1: Ball
2-1: Ball
Wild Pitch!
Eichiro Yamamoto to second
3-1: Foul Ball, location: 2F
3-2: Base on Balls
Batting: RHB Aaron Wilson 0-0: Called Strike
0-1: Foul Ball, location: 2F
0-2: Ball
1-2: Strikes out swinging
Batting: RHB Tom Doherty 0-0: Ground out 1-3 (Groundball, 15)
Bottom of the 4th over - 2 run(s), 3 hit(s), 0 error(s), 2 left on base; Kansas City 0 - Irvine 3
TOP OF THE 5TH
Kansas City Kings batting - Pitching for Irvine Gang Green : RHP Jung Chwa
Batting: LHB Luis González 0-0: Ball
1-0: Foul Ball, location: 2F
1-1: Ground out 6-3 (Groundball, 6)
Batting: SHB António De La Cruz 0-0: Ball
1-0: Foul Ball, location: 2F
1-1: Ball
2-1: Ball
3-1: Swinging Strike
3-2: Foul Ball, location: 2F
3-2: Foul Ball, location: 2F
3-2: Foul Ball, location: 2F
3-2: Foul Ball, location: 2F
3-2: Base on Balls
Batting: RHB Oliver Lugo 0-0: Swinging Strike
0-1: Called Strike
0-2: Ball
1-2: Ball
2-2: Grounds into double play, 6-4-3 (Groundball, 6M)
Top of the 5th over - 0 run(s), 0 hit(s), 0 error(s), 0 left on base; Kansas City 0 - Irvine 3
BOTTOM OF THE 5TH
Irvine Gang Green batting - Pitching for Kansas City Kings : RHP Ron Young
Batting: RHB José Salazar 0-0: Ball
1-0: Foul Ball, location: 2F
1-1: Ball
2-1: Swinging Strike
2-2: Ball
3-2: Base on Balls
Pitching: RHP Nariaki Tanaka
Batting: LHB Jorge Martínez 0-0: Ball
1-0: Ball
2-0: Called Strike
2-1: Fielders Choice at 2nd, 5-4 (Groundball, 56)
Batting: LHB Víctor Quiñones 0-0: Ball
1-0: Fly out, F8 (Flyball, 8LM)
Batting: RHB Buck Jones 0-0: Ball
1-0: Called Strike
1-1: Swinging Strike
1-2: Foul Ball, location: 2F
1-2: Strikes out swinging
Bottom of the 5th over - 0 run(s), 0 hit(s), 0 error(s), 1 left on base; Kansas City 0 - Irvine 3
TOP OF THE 6TH
Kansas City Kings batting - Pitching for Irvine Gang Green : RHP Jung Chwa
Batting: RHB Chris Chandler 0-0: Ball
1-0: Called Strike
1-1: Called Strike
1-2: Ball
2-2: Ball
3-2: Foul Ball, location: 2F
3-2: Ground out 6-3 (Groundball, 56)
Batting: LHB Stan Hickman 0-0: Ball
1-0: Ball
2-0: Ball
3-0: Base on Balls
Batting: LHB Ron Crawford 0-0: Ball
Stan Hickman steals 2nd base
1-0: Fly out, F8 (Line Drive, 89D)
Runner from 2nd tags up, SAFE at 3rd, no throw
Batting: RHB Toshimichi Kono 0-0: Foul Ball, location: 2F
0-1: Ball
1-1: Ball
2-1: Called Strike
2-2: Ball
3-2: Foul Ball, location: 2F
3-2: Foul Ball, location: 2F
3-2: Base on Balls
Batting: SHB Douglas Taylor 0-0: Foul Ball, location: 2F
0-1: Ball
1-1: Ball
2-1: Foul Ball, location: 2F
2-2: SINGLE (Groundball, 56D)
Stan Hickman scores
Toshimichi Kono to second
Batting: RHB Dave Parker 0-0: Ball
1-0: SINGLE (Line Drive, 6MD)
Toshimichi Kono to third
Douglas Taylor to second
Batting: LHB Luis González 0-0: Called Strike
0-1: Ball
1-1: Fielders Choice at 2nd, 4-6 (Groundball, 4)
Top of the 6th over - 1 run(s), 2 hit(s), 0 error(s), 2 left on base; Kansas City 1 - Irvine 3
BOTTOM OF THE 6TH
Irvine Gang Green batting - Pitching for Kansas City Kings : RHP Nariaki Tanaka
Batting: LHB José Sánchez 0-0: Ball
1-0: Swinging Strike
1-1: SINGLE (Line Drive, 8RS)
Batting: RHB Eichiro Yamamoto 0-0: Ball
1-0: Ball
Wild Pitch!
José Sánchez to second
2-0: Ball
3-0: Called Strike
3-1: Base on Balls
Batting: LHB Tom Baker 0-0: Fielders Choice at 2nd, 3-6 (Groundball, 34)
José Sánchez to third
Batting: RHB Aaron Wilson 0-0: Ball
1-0: DOUBLE (Line Drive, 9LM)
José Sánchez scores
Tom Baker to third
Batting: RHB Tom Doherty 0-0: Ball
1-0: SINGLE (Groundball, 56)
Tom Baker scores
Aaron Wilson to third
Runner from 3rd tries for Home, SAFE, throw made home
Pitching: RHP Adrián Serrano
Batting: RHB José Salazar 0-0: Ball
1-0: Foul Ball, location: 2F
1-1: Ball
2-1: Swinging Strike
2-2: Foul Ball, location: 2F
2-2: Ball
3-2: Strikes out looking
Batting: LHB Jorge Martínez 0-0: Ball
1-0: Ball
2-0: Ball
3-0: Called Strike
3-1: Foul Ball, location: 2F
3-2: Fly out, F6 (Popup, 6D)
Bottom of the 6th over - 3 run(s), 3 hit(s), 0 error(s), 1 left on base; Kansas City 1 - Irvine 6
TOP OF THE 7TH
Kansas City Kings batting - Pitching for Irvine Gang Green : RHP Jung Chwa
Pitching: LHP Yu-shu Kong
Batting: SHB António De La Cruz 0-0: Ball
1-0: SINGLE (Groundball, 5D)
Batting: RHB Oliver Lugo 0-0: Called Strike
0-1: Ball
1-1: Swinging Strike
1-2: Ball
2-2: Foul Ball, location: 2F
2-2: Strikes out swinging
Batting: RHB Chris Chandler 0-0: Foul Ball, location: 2F
0-1: Grounds into double play, 4-6-3 (Groundball, 4M)
Top of the 7th over - 0 run(s), 1 hit(s), 0 error(s), 0 left on base; Kansas City 1 - Irvine 6
BOTTOM OF THE 7TH
Irvine Gang Green batting - Pitching for Kansas City Kings : RHP Adrián Serrano
Batting: LHB Víctor Quiñones 0-0: Ball
1-0: Foul Ball, location: 2F
1-1: Foul Ball, location: 2F
1-2: Ball
2-2: Ball
3-2: Foul Ball, location: 2F
3-2: Fly out, F8 (Line Drive, 89M)
Batting: RHB Buck Jones 0-0: Foul Ball, location: 2F
0-1: Ball
1-1: Ground out 6-3 (Groundball, 56D)
Batting: LHB José Sánchez 0-0: Ball
1-0: Called Strike
1-1: Ball
2-1: Ground out 3-1 (Groundball, 34)
Bottom of the 7th over - 0 run(s), 0 hit(s), 0 error(s), 0 left on base; Kansas City 1 - Irvine 6
TOP OF THE 8TH
Kansas City Kings batting - Pitching for Irvine Gang Green : LHP Yu-shu Kong
Batting: LHB Stan Hickman 0-0: Ball
1-0: Foul Ball, location: 2F
1-1: Called Strike
1-2: Foul Ball, location: 2F
1-2: Ball
2-2: Ball
3-2: DOUBLE (Line Drive, 8LXD)
Batting: LHB Ron Crawford 0-0: Called Strike
0-1: Ball
1-1: Ball
2-1: Ball
3-1: Called Strike
3-2: Foul Ball, location: 2F
3-2: Foul Ball, location: 2F
3-2: Foul Ball, location: 2F
3-2: Foul Ball, location: 2F
3-2: Foul Ball, location: 2F
3-2: Strikes out swinging
Batting: RHB Toshimichi Kono 0-0: Ground out 4-3 (Groundball, 4)
Stan Hickman to third
Batting: SHB Douglas Taylor 0-0: SINGLE (Flyball, 8RS)
Stan Hickman scores
Pitching: LHP Santiago González
Batting: RHB Dave Parker 0-0: Ball
1-0: Ball
2-0: Called Strike
2-1: Ball
3-1: Foul Ball, location: 2F
3-2: Strikes out looking
Top of the 8th over - 1 run(s), 2 hit(s), 0 error(s), 1 left on base; Kansas City 2 - Irvine 6
BOTTOM OF THE 8TH
Irvine Gang Green batting - Pitching for Kansas City Kings : RHP Adrián Serrano
Batting: RHB Eichiro Yamamoto 0-0: Called Strike
0-1: Ball
1-1: DOUBLE (Line Drive, 7D)
Batting: LHB Tom Baker 0-0: Intentional Walk
Batting: RHB Aaron Wilson 0-0: Fielders Choice at 2nd, 5-4 (Groundball, 56)
Eichiro Yamamoto to third
Batting: RHB Tom Doherty 0-0: Ball
1-0: SINGLE (Line Drive, 6MD)
Eichiro Yamamoto scores
Aaron Wilson to second
Batting: RHB José Salazar 0-0: Ball
1-0: DOUBLE (Line Drive, 7)
Aaron Wilson scores
Tom Doherty to third
Runner from 3rd tries for Home, SAFE, throw made home
Pitching: RHP Ray Watkins
Batting: LHB Jorge Martínez 0-0: Called Strike
0-1: DOUBLE (Line Drive, 89M)
José Salazar scores
Batting: LHB Víctor Quiñones 0-0: Ball
1-0: Foul Ball, location: 2F
1-1: Ball
2-1: Ball
3-1: Base on Balls
Batting: RHB Buck Jones 0-0: Foul Ball, location: 2F
0-1: Ball
1-1: Swinging Strike
1-2: Strikes out swinging
Batting: LHB José Sánchez 0-0: Ball
1-0: Fielders Choice at 2nd, 4-6 (Groundball, 4)
Bottom of the 8th over - 4 run(s), 4 hit(s), 0 error(s), 1 left on base; Kansas City 2 - Irvine 10
TOP OF THE 9TH
Kansas City Kings batting - Pitching for Irvine Gang Green : LHP Santiago González
Batting: LHB Luis González 0-0: Swinging Strike
0-1: Swinging Strike
0-2: Strikes out swinging
Batting: SHB António De La Cruz 0-0: Ball
1-0: Foul Ball, location: 2F
1-1: Fly out, F6 (Popup, 56D)
Batting: RHB Oliver Lugo 0-0: Foul Ball, location: 2F
0-1: Called Strike
0-2: Ball
1-2: Foul Ball, location: 2F
1-2: Strikes out swinging
Top of the 9th over - 0 run(s), 0 hit(s), 0 error(s), 0 left on base; Kansas City 2 - Irvine 10
Tuesday, August 8th, 2017 - OOTP Baseball 17.12 Build 75